 Dungeon Crawl Stone Soup version 0.29-a0-416-g83a48905f1 (webtiles) character file.

Game seed: 14289527796630622855

645 Bruhh the Magician (level 7, -2/36 HPs)
             Began as a Gargoyle Earth Elementalist on May 16, 2022.
             Slain by a wraith (11 damage)
             ... on level 5 of the Dungeon.
             The game lasted 00:05:25 (4946 turns).

Bruhh the Magician (Gargoyle Earth Elementalist)    Turns: 4946, Time: 00:05:26

Health: -2/36      AC:  8    Str: 11    XL:     7   Next: 52%
Magic:  0/15       EV: 11    Int: 18    God:
Gold:   196        SH:  0    Dex: 10    Spells: 13/17 levels left

rFire   . . .      SeeInvis +   (no weapon)
rCold   . . .      Faith    .   (no shield)
rNeg    + . .      Spirit   .   b - +0 robe
rPois   ∞          Reflect  .   y - +0 helmet
rElec   +          Harm     .   (no cloak)
rCorr   .          Rampage  .   (no gloves)
Will    .....                   i - +0 pair of boots
Stlth   ++........              (no amulet)
HPRegen 0.12/turn               w - ring of see invisible
MPRegen 0.14/turn               (no ring)

@: slowed, very slow
A: sickness immunity, AC +4, negative energy resistance 1, electricity
resistance, torment resistance 1, petrification resistance
a: no special abilities


You were on level 5 of the Dungeon.
You visited 1 branch of the dungeon, and saw 5 of its levels.

You collected 196 gold pieces.

Inventory:

Missiles
 a - 77 stones
Armour
 b - a +0 robe (worn)
 i - a +0 pair of boots (worn)
 y - a +0 helmet (worn)
Jewellery
 w - a ring of see invisible (left hand)
 x - an amulet of magic regeneration
Wands
 s - a wand of acid (2)
 B - a wand of paralysis (7)
Scrolls
 f - 3 scrolls of magic mapping {unknown}
 g - 3 scrolls of enchant armour {unknown}
 h - 2 scrolls of fog {unknown}
 j - a scroll of blinking {unknown}
 l - 2 scrolls of fear {unknown}
 m - 2 scrolls of teleportation {unknown}
 p - 2 scrolls of vulnerability {unknown}
 t - 2 scrolls of amnesia {unknown}
 A - a scroll of identify {unknown}
Potions
 c - a potion of magic
 d - 2 potions of flight {unknown}
 e - a potion of mutation {unknown}
 k - a potion of haste {unknown}
 n - a potion of ambrosia {unknown}
 o - 3 potions of curing {unknown}
 q - 2 potions of degeneration {unknown}
 r - 4 potions of might {unknown}
 u - a potion of invisibility {unknown}
 v - a potion of attraction {unknown}
 z - a potion of heal wounds {unknown}


   Skills:
 - Level 1.5 Dodging
 - Level 2.1 Stealth
 + Level 5.5 Spellcasting
 - Level 5.0 Conjurations
 - Level 0.7 Transmutations
 - Level 5.0 Earth Magic


You had 13 spell levels left.
You knew the following spells:

 Your Spells              Type           Power      Damage    Failure   Level
a - Sandblast             Erth           44%        2d11      1%          1
b - Stone Arrow           Conj/Erth      44%        3d9       4%          3

Your spell library contained the following spells:

 Spells                   Type           Power      Damage    Failure   Level
 Passwall                 Tmut/Erth      12%        N/A       6%          2
 Corpse Rot               Necr/Air       8%         N/A       19%         2
 Poisonous Vapours        Pois/Air       8%         N/A       19%         2
 Gell's Gravitas          Tloc           4%         N/A       36%         3
 Lesser Beckoning         Tloc           4%         N/A       36%         3
 Ozocubu's Armour         Ice            4%         N/A       36%         3
 Teleport Other           Tloc           4%         N/A       36%         3
 Petrify                  Tmut/Erth      15%        N/A       36%         4
 Borgnjor's Vile Clutch   Necr/Erth      6%         N/A       77%         5
 Alistair's Intoxication  Tmut/Pois      4%         N/A       97%         5
 Eringya's Noxious Bog    Tmut/Pois      3%         N/A       100%        6
 Ozocubu's Refrigeration  Ice            2%         4d5       100%        7


Dungeon Overview and Level Annotations

Branches:
Dungeon (5/15)
 Temple: D:4-7

Altars:

Shops:
D:1 *=*!   D:5 [


Innate Abilities, Weirdness & Mutations

You are immune to sickness and miasma.
Your stone body is resilient. (AC +4)
You are immune to poison.
You resist negative energy. (rN+)
You are resistant to electric shocks. (rElec)
You are resistant to unholy torment.
You are immune to petrification.


Message History

The wraith completely misses you.
Unknown command.
Casting: Sandblast (safe; 1% risk of failure)
Confirm with . or Enter, or press ? or * to list all spells.
Aiming: Sandblast (safe; 1% risk of failure)
Press: ? - help, Shift-Dir - straight line, f/p - wraith
Aim: a wraith (heavily damaged, 81% to hit)
The blast of sand hits the wraith but does no damage.
The wraith is heavily damaged.
The wraith hits you.
Unknown command.
Unknown command.
Casting: Sandblast (safe; 1% risk of failure)
Confirm with . or Enter, or press ? or * to list all spells.
Aiming: Sandblast (safe; 1% risk of failure)
Press: ? - help, Shift-Dir - straight line, f/p - wraith
Aim: a wraith (heavily damaged, 81% to hit)
The blast of sand misses the wraith.
The wraith hits you. The wraith drains your vigour!
You feel yourself slow down.
Unknown command.
Casting: Sandblast (safe; 1% risk of failure)
Confirm with . or Enter, or press ? or * to list all spells.
Aiming: Sandblast (safe; 1% risk of failure)
Press: ? - help, Shift-Dir - straight line, f/p - wraith
Aim: a wraith (heavily damaged, 81% to hit)
The blast of sand hits the wraith.
The wraith is severely damaged.
The wraith hits you!
* * * LOW HITPOINT WARNING * * *
The wraith drains your vigour!
You feel as though you will be slow longer.
Casting: Sandblast (safe; 1% risk of failure)
Confirm with . or Enter, or press ? or * to list all spells.
Aiming: Sandblast (safe; 1% risk of failure)
Press: ? - help, Shift-Dir - straight line, f/p - wraith
Aim: a wraith (severely damaged, 81% to hit)
The blast of sand hits the wraith but does no damage.
The wraith is severely damaged.
The wraith hits you!
You die...

#.#.# # ##.#.##.#
#...... #...# ########
#.÷.# #......# #.<.#
#......#
###÷.#####......# ##
#....W..........# #.
#....@......#########.
#...................'.
###'#####'###########.
#. #.# ######. # #.#
#....#. #.# #.##.##
#.#####.######.##.#
#..............##.#
#################.##'##


You could see a wraith.

Vanquished Creatures
  A water moccasin (D:5)
  An ice beast (D:5)
  An ogre (D:5)
  A necrophage (D:4)
  A howler monkey (D:3)
  A jelly (D:5)
  An orc priest (D:5)
  2 hounds
  An iguana (D:3)
  5 adders
  A shadow imp (D:5)
  A worm (D:3)
  A dart slug (D:4)
  5 orcs
  3 ball pythons
  3 endoplasms (D:1)
  5 giant cockroaches
  4 hobgoblins
  2 jackals (D:2)
  8 kobolds
  2 quokkas
  2 bats
  2 frilled lizards (D:1)
  4 goblins
  3 rats
61 creatures vanquished.

Notes
Turn   | Place    | Note
-------+----------+-------------------------------------------
     0 | D:1      | Bruhh the Gargoyle Earth Elementalist began the quest for
                  | the Orb.
     0 | D:1      | Reached XP level 1. HP: 10/10 MP: 3/3
     5 | D:1      | Found Qifavuoh's Jewellery Shoppe.
    53 | D:1      | Found Hiekaymp's Distillery.
   207 | D:1      | Found Yplaczoo's Antique Weapon Boutique.
   232 | D:1      | Found Bituas Ciwn's Assorted Antiques.
   439 | D:1      | Reached XP level 2. HP: 13/15 MP: 5/5
   472 | D:1      | Found a faded altar of an unknown god.
   880 | D:1      | Found Ysaoll's General Store.
  1220 | D:2      | Reached XP level 3. HP: 18/19 MP: 6/6
  1706 | D:2      | Reached skill level 5 in Earth Magic
  1765 | D:2      | Learned a level 3 spell: Stone Arrow
  1828 | D:3      | Reached skill level 1 in Conjurations
  1828 | D:3      | Reached XP level 4. HP: 21/24 MP: 3/8
  2249 | D:3      | Reached XP level 5. HP: 28/28 MP: 7/9
  3175 | D:4      | Reached XP level 6. HP: 32/32 MP: 5/11
  3925 | D:5      | Entered Level 5 of the Dungeon
  3958 | D:5      | Noticed an ice beast
  3966 | D:5      | Killed an ice beast
  4561 | D:5      | Noticed a wraith
  4577 | D:5      | Found Tydwyuk's Armour Boutique.
  4629 | D:5      | Reached XP level 7. HP: 36/36 MP: 6/14
  4732 | D:5      | Reached skill level 5 in Spellcasting
  4839 | D:5      | Reached skill level 5 in Conjurations
  4946 | D:5      | Slain by a wraith

Illustrated notes

Levels and vault maps discovered:
D:1:      lightli_iron_boxes, layout_loops_ring, serial_shops,
          nicolae_diamond_shop, nicolae_shop_crystal, shop, shop, shop,
          hellmonk_ecumenical_altar_leap_of_faith, hangedman_decor_points,
          minmay_quantized
D:2:      layout_basic
D:3:      layout_loops_corners, serial_rivers, chequers_serial_rivers_small_3,
          chequers_serial_rivers_large_b, chequers_serial_rivers_micro_a,
          chequers_serial_rivers_micro_b, chequers_serial_rivers_marsh,
          grunt_ministairs_8
D:4:      layout_cave_pods
D:5:      layout_basic, serial_shops, shop

Skill      XL: |  1  2  3  4  5  6  7 |
---------------+----------------------+-----
Earth Magic    | 4 5 |  5.0
Spellcasting   | 3 4 5 |  5.5
Conjurations   | 1 2 3 4 5 |  5.0
Dodging        | |  1.5
Stealth        | |  2.1
Transmutations | |  0.7

Action                   |  1- 3 |  4- 6 |  7- 9 || total
-------------------------+-------+-------+-------++-------
Melee: Unarmed           |    75 |     5 |       ||    80
 Cast: Sandblast         |    29 |    51 |    17 ||    97
       Stone Arrow       |       |     3 |     3 ||     6
 Stab: Sleeping          |     1 |       |       ||     1
Armor: Robe              |    42 |    13 |     5 ||    60
Dodge: Dodged            |    49 |    14 |     4 ||    67

Table legend: (Time is in decaauts)
 A = Elapsed time spent in this place.
 B = Non-inter-level travel time spent in this place.
 C = Inter-level travel time spent in this place.
 D = Time resting spent in this place.
 E = Time spent auto-exploring this place.
 F = Levels seen in this place.
 G = Mean time per level.
                   A        B        C        D        E       F      G
               +--------+--------+--------+--------+--------+-----+--------+
         Total |   4984 |   4876 |    108 |    323 |   4027 |   5 |  996.8 |
       Dungeon |   4984 |   4876 |    108 |    323 |   4027 |   5 |  996.8 |
               +--------+--------+--------+--------+--------+-----+--------+

Top non-repeatable levels by time:
     D:4: 1280 daAuts
     D:3: 1243 daAuts
     D:1: 1051 daAuts
     D:2: 726 daAuts
     D:5: 683 daAuts
